 Dungeon Crawl Stone Soup version 0.31-a0-358-gac0dbeb3ab (webtiles) character file.

Game seed: 15287723770281802761

4427 randomguy2701 the Cleaver (level 10, 0/129 HPs)
             Began as a Minotaur Fighter on July 25, 2023.
             Was an Initiate of Yredelemnul.
             Slain by a killer bee (7 damage)
             ... on level 9 of the Dungeon.
             The game lasted 00:20:49 (8347 turns).

randomguy2701 the Cleaver (Minotaur Fighter)        Turns: 8347, Time: 00:20:51

Health: 0/129      AC: 25    Str: 21    XL:     10   Next: 14%
Magic:  9/9        EV:  2    Int:  5    God:    Yredelemnul [......]
Gold:   402        SH: 10    Dex: 12    Spells: 9/9 levels left

rFire   . . .        O - +6 falchion of Change {freeze, rN++}
rCold   + . .        p - +0 kite shield
rNeg    + + .        v - melded +0 plate armour
rPois   +            (helmet unavailable)
rElec   .            (cloak currently unavailable)
rCorr   .            (gloves currently unavailable)
SInv    .            (boots currently unavailable)
Will    .....        (no amulet)
Stlth   +            j - ring of flight
HPRegen 0.41/turn    w - ring of protection from cold
MPRegen 0.11/turn

%: no passive effects
@: tree-form, invisible
A: stationary, stasis, torment immunity, boosted hp, (horns 3), (retaliatory
headbutt), weak 1
a: Renounce Religion, Recall Undead Harvest


You were on level 9 of the Dungeon.
You worshipped Yredelemnul.
Yredelemnul was noncommittal.
You were a tree.
You visited 1 branch of the dungeon, and saw 9 of its levels.

You collected 402 gold pieces.

Inventory:

Hand Weapons
 a - a +0 war axe
 F - a +3 spear of venom
 G - a +2 whip of venom
 O - the +6 falchion of Change (weapon) {freeze, rN++}
   (You found it on level 9 of the Dungeon)

   rN:        It greatly protects you from negative energy.
Armour
 b - a +0 scale mail
 c - a +0 buckler
 p - a +0 kite shield (worn)
 v - a +0 plate armour (melded)
 E - the +8 chain mail of Gestures {rPois rF+ rN+ Slay+2}
   (You found it on level 6 of the Dungeon)

   Slay:      It affects your accuracy & damage with ranged weapons and melee
   (+2).
   rF:        It protects you from fire.
   rPois:     It protects you from poison.
   rN:        It protects you from negative energy.
Jewellery
 j - a ring of flight (left branch)
 n - an amulet of faith
 w - a ring of protection from cold (right branch)
 D - a +6 ring of intelligence
 H - a ring of positive energy
 M - a ring of see invisible
Wands
 A - a wand of iceblast (9)
 K - a wand of digging (5)
 N - a wand of acid (5)
Scrolls
 e - 8 scrolls of identify {unknown}
 i - a scroll of revelation {unknown}
 m - a scroll of noise {unknown}
 r - 2 scrolls of enchant weapon {unknown}
 t - 3 scrolls of blinking {unknown}
 u - a scroll of fear {unknown}
 x - 2 scrolls of teleportation {unknown}
 y - a scroll of silence {unknown}
 B - a scroll of torment {unknown}
 C - 2 scrolls of poison {unknown}
 I - a scroll of brand weapon {unknown}
 L - a scroll of enchant armour {unknown}
Potions
 d - 2 potions of berserk rage {unknown}
 f - 3 potions of lignification
 g - a potion of mutation
 h - a potion of brilliance {unknown}
 k - a potion of enlightenment
 l - a potion of curing
 o - a potion of resistance {unknown}
 q - 2 potions of haste {unknown}
 z - 2 potions of heal wounds {unknown}
 J - a potion of degeneration {unknown}


   Skills:
 + Level 7.1 Fighting
 + Level 9.3(9.9) Axes
 + Level 5.0(7.8) Maces & Flails
 + Level 9.2 Armour
 + Level 6.0 Dodging
 + Level 8.0 Shields
 * Level 1.0 Invocations


You had 9 spell levels left.
You didn't know any spells.
Your spell library contained the following spells:

 Spells                   Type           Power      Damage    Failure   Level
 Call Canine Familiar     Summ           0%         N/A       97%         3
 Ozocubu's Armour         Ice            0%         N/A       97%         3
 Portal Projectile        Hex/Tloc       0%         N/A       97%         3
 Leda's Liquefaction      Hex/Erth       0%         N/A       100%        4
 Metabolic Englaciation   Hex/Ice        0%         N/A       100%        5
 Simulacrum               Ice/Necr       Unusable   N/A       N/A         6

Dungeon Overview and Level Annotations

Branches:
Dungeon (9/15)             Temple (0/1) D:4            Lair (0/5) D:8
    Orc: D:9-12

Altars:
Ru
Yredelemnul
Zin

Shops:
D:2 (   D:4 *   D:7 [   D:9 :


Innate Abilities, Weirdness & Mutations

You are a tree.
Your roots penetrate the ground, keeping you stationary.
You cannot be teleported.
You are immune to unholy pain and torment.
Your maximum health is greatly increased.
Your equipment is partially melded.
((You have a pair of large horns on your head.))
((You reflexively headbutt those who attack you in melee.))
You are weak. (Str -2)


Message History

Your killer bee zombie barely misses the killer bee.
You block the killer bee's attack.
Your killer bee zombie misses the killer bee.
You block the killer bee's attack.
The killer bee stings your killer bee zombie!
You strike the helpless killer bee from behind!
You hit the killer bee. You freeze the killer bee.
The killer bee is almost dead.
Your enlightenment fades.
You block the killer bee's attack.
The killer bee stings you but does no damage.
Your killer bee zombie misses the killer bee.
The killer bee stings you but does no damage.
You block the killer bee's attack.
Your killer bee zombie hits the killer bee.
The killer bee barely misses you.
The killer bee stings you but does no damage.
Your killer bee zombie completely misses the killer bee.
You miss the killer bee.
The killer bee is almost dead.
The killer bee barely misses you. You block the killer bee's attack.
Your killer bee zombie closely misses the killer bee.
The killer bee stings your killer bee zombie.
The killer bee stings you but does no damage.
Your killer bee zombie completely misses the killer bee.
The killer bee stings you but does no damage.
The killer bee stings your killer bee zombie.
You barely miss the killer bee.
The killer bee is almost dead.
Your killer bee zombie hits the killer bee.
The killer bee stings you but does no damage.
You block the killer bee's attack.
Your killer bee zombie barely misses the killer bee.
The killer bee stings you.
* * * LOW HITPOINT WARNING * * *
The killer bee barely misses your killer bee zombie.
Your killer bee zombie misses the killer bee.
The killer bee stings you!
You die...
Your body rises from the dead as a mindless zombie.

#............#
#............#
#...........#
#...........#
#...........#
#...........#
######.#<###
#....############..
#....#...♣yy...∩...
#......#.Zy........
#......#.#########.
###....#.#
...........#..
.[.........###
.........#.#
.......###...
....... #####


You could see 3 killer bees and a friendly killer bee zombie.

Vanquished Creatures
  A two-headed ogre (D:8)
  Pikel (D:6)
  Grinder (D:4)
  2 steam dragons
  4 water moccasins
  2 orc warriors (D:8)
  2 centaurs
  2 phantoms
  2 bullfrogs
  2 gnoll sergeants
  4 scorpions
  5 wights (D:8)
  3 killer bees (D:9)
  A howler monkey (D:7)
  4 hounds
  2 orc priests
  2 gnoll boudas
  2 jellies
  2 sleepcaps (D:5)
  4 iguanas
  Natasha (thrice) (D:2)
  5 orc wizards
  Robin (D:2)
  18 gnolls
  8 adders
  A shadow imp (D:6)
  An ufetubus (D:6)
  2 worms
  3 dart slugs
  33 orcs
  3 ball pythons (D:3)
  4 endoplasms
  3 giant cockroaches (D:3)
  16 goblins
  9 hobgoblins
  4 jackals (D:5)
  3 quokkas
  3 bats
  A frilled lizard (D:1)
  3 kobolds
  4 rats
176 creatures vanquished.

Vanquished Creatures (collateral kills)
  An orc priest (D:8)
  3 orcs (D:8)
4 creatures vanquished.

Vanquished Creatures (others)
  An orc wizard (D:8)
  A killer bee zombie (D:9)
  6 orc zombies (D:8)
  An orc (D:8)
9 creatures vanquished.

Grand Total: 189 creatures vanquished

Notes
Turn   | Place    | Note
-------+----------+-------------------------------------------
     0 | D:1      | randomguy2701 the Minotaur Fighter began the quest for the
                  | Orb.
     0 | D:1      | Reached XP level 1. HP: 19/19 MP: 0/0
   240 | D:1      | Reached XP level 2. HP: 17/27 MP: 1/1
   669 | D:2      | Noticed Natasha
   680 | D:2      | Killed Natasha
   681 | D:2      | Reached XP level 3. HP: 25/33 MP: 2/2
   728 | D:2      | Noticed Robin
   743 | D:2      | Killed Robin
   744 | D:2      | Reached XP level 4. HP: 34/40 MP: 3/3
   929 | D:2      | Found Ritajot's Antique Weapon Emporium.
  1000 | D:2      | Noticed Natasha
  1004 | D:2      | Killed Natasha
  1116 | D:2      | Noticed Natasha
  1121 | D:2      | Killed Natasha
  1122 | D:2      | Reached XP level 5. HP: 38/47 MP: 4/4
  1746 | D:3      | Found a large runed translucent door.
  1746 | D:3      | Found a large runed translucent door.
  1757 | D:3      | Reached skill level 5 in Armour
  2115 | D:3      | Found a glowing silver altar of Zin.
  2143 | D:3      | Found a sacrificial altar of Ru.
  2147 | D:3      | Reached skill level 5 in Axes
  2274 | D:4      | Reached XP level 6. HP: 53/53 MP: 5/5
  2577 | D:4      | Noticed a water moccasin
  2578 | D:4      | Found a staircase to the Ecumenical Temple.
  2582 | D:5      | Entered Level 5 of the Dungeon
  2609 | D:5      | Reached skill level 5 in Shields
  2616 | D:5      | Reached XP level 7. HP: 28/60 MP: 6/6
  2863 | D:5      | Reached skill level 5 in Fighting
  2863 | D:5      | Reached skill level 1 in Dodging
  3178 | D:5      | You are sucked into a shaft and drop 2 floors!
  3190 | D:7      | Noticed a steam dragon
  3699 | D:6      | Reached XP level 8. HP: 69/69 MP: 7/7
  4058 | D:6      | Noticed Pikel
  4309 | D:4      | Found Tiok Loxu's Neck Hole.
  4639 | D:4      | Noticed Grinder
  4647 | D:4      | Killed Grinder
  4945 | D:6      | Killed Pikel
  4946 | D:6      | Reached XP level 9. HP: 40/75 MP: 8/8
  5065 | D:6      | Identified the +8 chain mail of Gestures {rPois rF+ rN+
                  | Slay+2}
  5470 | D:7      | Reached skill level 1 in Maces & Flails
  5506 | D:7      | Reached skill level 5 in Dodging
  6059 | D:7      | Found Sanorpheit's Antique Armour Emporium.
  6399 | D:8      | Found a basalt altar of Yredelemnul.
  6405 | D:8      | Became a worshipper of Yredelemnul the Dark
  6814 | D:8      | Reached * piety under Yredelemnul
  6979 | D:8      | Noticed a two-headed ogre
  6998 | D:8      | Killed a two-headed ogre
  6999 | D:8      | Reached ** piety under Yredelemnul
  6999 | D:8      | Reached XP level 10. HP: 65/86 MP: 9/9
  7148 | D:8      | Found a staircase to the Lair.
  7387 | D:8      | Reached *** piety under Yredelemnul
  8296 | D:9      | Identified the +6 falchion of Change {freeze, rN++}
  8306 | D:9      | Found Woirchale's Book Boutique.
  8331 | D:9      | Reached skill level 5 in Maces & Flails
  8331 | D:9      | Reached skill level 1 in Invocations
  8342 | D:9      | Gained mutation: You have a pair of large horns on your
                  | head. [potion of mutation]
  8342 | D:9      | Gained mutation: You are weak. (Str -2) [potion of
                  | mutation]
  8342 | D:9      | HP: 6/129 [poisoned by a killer bee]
  8347 | D:9      | Slain by a killer bee

Illustrated notes

Levels and vault maps discovered:
D:1:      erik_arrival_cave_to_civilisation [erik_arrival_cave_to_hall],
          layout_rooms, grunt_decor_one_mirror, kennysheep_doodads
D:2:      layout_basic, serial_shops, nicolae_shop_real_fake_doors, uniq_robin,
          uniq_natasha
D:3:      layout_loops_ring, jmf_multi_god_temple2
D:4:      layout_loops_ring, minmay_temple_entry_junction,
          chequers_serial_rivers_small_3, nicolae_shop_sticking_my_neck_out,
          uniq_grinder
D:5:      layout_loops_ring
D:6:      layout_loops_ring, uniq_pikel
D:7:      layout_cave_pools, serial_shops, kennysheep_little_box,
          chequers_serial_rivers_small_b, st_stairs_8, minmay_misc_feat_chi
D:8:      layout_cave_pods, mainiacjoe_overflow_six_doors_small,
          dpeg_oklobed_lair
D:9:      layout_basic, serial_shops, shop, minmay_misc_feat_enclosed

Skill      XL: |  1  2  3  4  5  6  7  8  9 10 |
---------------+-------------------------------+-----
Armour         | 4 5 6 7 9 |  9.2
Shields        | 4 5 6 7 8 |  8.0
Fighting       | 4 5 6 7 |  7.1
Axes           | 3 4 5 6 7 8 9 |  9.3
Dodging        | 2 4 6 |  6.0
Maces & Flails | 4 5 |  5.0
Invocations    | 1 |  1.0

Action                     |  1- 3 |  4- 6 |  7- 9 | 10-12 || total
---------------------------+-------+-------+-------+-------++-------
  Melee: War axe           |    64 |   126 |   147 |       ||   337
         Headbutt          |     9 |    19 |    60 |     9 ||    97
         Whip              |       |       |   173 |    41 ||   214
         Falchion          |       |       |       |    15 ||    15
  Evoke: Wand              |       |       |     1 |       ||     1
    Use: Potion            |       |     1 |       |     5 ||     6
   Stab: Distracted        |       |       |     1 |     1 ||     2
         Invisible         |       |       |       |     1 ||     1
 Armour: Scale mail        |    31 |    19 |       |       ||    50
         Plate armour      |       |    57 |   173 |    49 ||   279
         Skin              |       |       |       |    14 ||    14
  Dodge: Dodged            |    26 |    36 |    82 |    29 ||   173
  Block: Buckler           |     6 |       |       |       ||     6
         Kite shield       |    18 |    55 |   166 |    39 ||   278

Table legend: (Time is in decaauts)
 A = Elapsed time spent in this place.
 B = Non-inter-level travel time spent in this place.
 C = Inter-level travel time spent in this place.
 D = Time resting spent in this place.
 E = Time spent auto-exploring this place.
 F = Levels seen in this place.
 G = Mean time per level.
                   A        B        C        D        E       F      G
               +--------+--------+--------+--------+--------+-----+--------+
         Total |   8438 |   8147 |    291 |    917 |   5697 |   9 |  937.6 |
       Dungeon |   8438 |   8147 |    291 |    917 |   5697 |   9 |  937.6 |
               +--------+--------+--------+--------+--------+-----+--------+

Top non-repeatable levels by time:
     D:8: 2165 daAuts
     D:6: 1499 daAuts
     D:4: 965 daAuts
     D:3: 921 daAuts
     D:5: 801 daAuts
     D:2: 793 daAuts
     D:7: 695 daAuts
     D:1: 533 daAuts
     D:9: 64 daAuts
